 Dungeon Crawl Stone Soup version 0.20.1-1-g8b1a95d (webtiles) character file.

95 Mesmaeker13 the Skirmisher (level 4, -1/48 HPs)
             Began as an Ogre Gladiator on Aug 12, 2017.
             Slain by Grinder (9 damage)
             ... on level 3 of the Dungeon.
             The game lasted 00:03:23 (1962 turns).

Mesmaeker13 the Skirmisher (Ogre Gladiator)         Turns: 1962, Time: 00:03:24

Health: -1/48      AC:  3    Str: 18    XL:     4   Next: 65%
Magic:  4/4        EV: 11    Int:  9    God:
Gold:   96         SH:  0    Dex: 11    Spells: 3/3 levels left

rFire    . . .     SeeInvis .   a - +0 flail
rCold    + . .     Gourm    .   (no shield)
rNeg     . . .     Faith    .   b - +0 robe
rPois    .         Spirit   .   c - +0 hat
rElec    .         Reflect  .   n - scarf {repulsion}
rCorr    .         Harm     .   (gloves unavailable)
MR       +....                  (boots unavailable)
Stlth    +.........             (no amulet)
Regen    0.2/turn               l - ring of protection from magic
MPRegen  0.1/turn               s - ring of protection from cold

@: repel missiles
A: unfitting armour, tough skin 1
a: no special abilities


You were on level 3 of the Dungeon.
You were not hungry.

You visited 1 branch of the dungeon, and saw 3 of its levels.

You collected 96 gold pieces.

Inventory:

Hand Weapons
 a - a +0 flail (weapon)
Armour
 b - a +0 robe (worn)
 c - a +0 hat (worn)
 n - a scarf of repulsion (worn)
Jewellery
 l - a ring of protection from magic (left hand)
 s - a ring of protection from cold (right hand)
Wands
 o - a wand of polymorph (17/24)
Scrolls
 e - a scroll of remove curse
 g - a scroll of enchant weapon
 h - a scroll of blinking
 p - a scroll of magic mapping
Potions
 k - a potion of mutation {unknown}
 m - a potion of brilliance {unknown}
 q - a potion of might
 r - a potion of invisibility {unknown}
Comestibles
 f - 5 bread rations
 i - 3 chunks of flesh
 j - 2 royal jellies


   Skills:
 + Level 4.1 Fighting
 + Level 3.5 Maces & Flails
 - Level 2.0 Throwing
 + Level 3.5 Dodging


You had 3 spell levels left.
You didn't know any spells.

Dungeon Overview and Level Annotations

Branches:
Dungeon (3/15)

Altars:

Annotations:
D:3 Grinder


Innate Abilities, Weirdness & Mutations

You are too large for most types of armour.
You have tough skin. (AC +1)


Message History

Aim: Grinder You throw a throwing net.
The throwing net barely misses Grinder.
You hit Grinder.
Grinder is lightly wounded.
Grinder says, "Mostly I couldn't keep them alive."
Grinder hits you but does no damage.
You closely miss Grinder. Grinder hits you.
You writhe in agony.
You hit Grinder.
Grinder is lightly wounded.
Grinder hits you but does no damage.
You closely miss Grinder.
Grinder is lightly wounded.
Grinder hits you.
You writhe in agony.
* * * LOW HITPOINT WARNING * * *
Grinder hits you.
* * * LOW HITPOINT WARNING * * *
You hit Grinder.
Grinder is moderately wounded.
Grinder hits you!
You die...

#..#.#.####.#.#.#
#.#
#..#.#......#####
### #≈....#######
##≈..........#
#≈≈≈.#########
##≈≈≈.........#
..#≈≈≈≈##.......#
..##≈≈≈.....#.#.#
# #≈≈≈.#@#....<#
#≈≈#.#5#.#.#.#
#≈.. (...# #
#≈.#.#.###
#.#.#.. # . #..
## #.. #...


You could see Grinder.

Vanquished Creatures
  6 adders
  A worm (D:2)
  A leopard gecko (D:1)
  5 bats
  2 giant cockroaches (D:2)
  4 goblins
  5 hobgoblins
  A quokka (D:2)
  5 frilled lizards
  5 kobolds
  4 rats
39 creatures vanquished.

Notes
Turn   | Place    | Note
-------+----------+-------------------------------------------
     0 | D:1      | Mesmaeker13 the Ogre Gladiator began the quest for the Orb.
     0 | D:1      | Reached XP level 1. HP: 22/22 MP: 1/1
   292 | D:1      | Reached skill level 3 in Fighting
   292 | D:1      | Reached XP level 2. HP: 31/31 MP: 2/2
   626 | D:2      | Reached XP level 3. HP: 37/37 MP: 3/3
  1297 | D:2      | Reached XP level 4. HP: 44/48 MP: 4/4
  1629 | D:2      | Reached skill level 4 in Fighting
  1953 | D:3      | Noticed Grinder
  1962 | D:3      | Slain by Grinder

Skill      XL: |  1  2  3  4 |
---------------+-------------+-----
Fighting       | 3 4 |  4.1
Dodging        | 3 |  3.5
Maces & Flails | 3 |  3.5
Throwing       | |  2.0

Action                   |  1- 3 |  4- 6 || total
-------------------------+-------+-------++-------
Melee: Flail             |    81 |    50 ||   131
Throw: Throwing net      |     3 |     1 ||     4
  Use: Scroll            |     4 |     1 ||     5
       Potion            |     2 |       ||     2
  Eat: Chunk             |     1 |     2 ||     3
Armor: Robe              |    24 |    26 ||    50
Dodge: Dodged            |    55 |    46 ||   101
